 Dungeon Crawl Stone Soup version 0.17-a0-2231-gd80ca38 (webtiles) character file.

127 ololoev the Insei (level 4, 7/35 HPs)
             Began as a Demonspawn Monk on Oct 29, 2015.
             Quit the game on level 3 of the Dungeon.
             The game lasted 00:05:59 (613 turns).

ololoev the Insei (Demonspawn Monk)                  Turns: 613, Time: 00:05:59

Health: 7/35       AC: 14    Str: 12    XL:     4   Next: 85%
Magic:  4/4        EV:  2    Int: 11    God:
Gold:   25         SH:  0    Dex: 16    Spells: 0 memorised, 3 levels left

rFire  . . .     SeeInvis .       - Unarmed
rCold  . . .     Clarity  .     h - +0 plate armour
rNeg   . . .     SustAt   .     (no shield)
rPois  .         Gourm    .     (helmet restricted)
rElec  .         Spirit   .     (no cloak)
rCorr  .         Warding  .     (no gloves)
rMut   .         Stasis   .     (no boots)
MR     .....                    (no amulet)
Stlth  ..........               (no ring)
                                (no ring)

@: not resistant to hostile enchantments, extremely unstealthy
A: horns 1, molten scales 2
a: no special abilities


Innate Abilities, Weirdness & Mutations

You have a pair of small horns on your head.
You are mostly covered in molten scales (AC +3, EV -1).

Inventory:

Armour
 h - a +0 plate armour (worn)
Wands
 f - a wand of random effects (7)
Scrolls
 a - 2 scrolls of remove curse {unknown}
 c - a scroll of fog {unknown}
 d - 3 scrolls of magic mapping {unknown}
 e - 2 scrolls of identify {unknown}
 g - 2 scrolls of recharging {unknown}
 i - a scroll of blinking {unknown}
Potions
 k - a potion of mutation {unknown}
Comestibles
 b - 5 bread rations
 j - a chunk of flesh


   Skills:
 - Level 3.0 Fighting
 + Level 2.2 Armour
 - Level 2.6 Dodging
 - Level 1.7 Stealth
 * Level 5.0 Unarmed Combat


You had 3 spell levels left.
You didn't know any spells.


You were on level 3 of the Dungeon.
You were not hungry.

You visited 1 branch of the dungeon, and saw 4 of its levels.

You collected 25 gold pieces.

##..###.# #.....#
#. ##.###.#. #.#
#.# #.# ##.## #.#
#.>.# #.###...###
#######.#.......#
#@.......§......#
#.#####>#.......#
#.# #§###..).##
#.# ###.# #..{.##
#.# #.#.# ##....#
#.# #..# #....#
#.# ##.## #<...#
... #..# #.#.##
##.####.#.#

Notes
Turn   | Place    | Note
--------------------------------------------------------------
     0 | D:1      | ololoev the Demonspawn Monk began the quest for the Orb.
     0 | D:1      | Reached XP level 1. HP: 18/18 MP: 1/1
   202 | D:2      | Gained mutation: You are partially covered in molten scales (AC +1). [demonic ancestry]
   202 | D:2      | Reached XP level 2. HP: 10/24 MP: 2/2
   231 | D:2      | Found a shimmering altar of Xom.
   410 | D:3      | Reached skill level 4 in Unarmed Combat
   414 | D:4      | Noticed ololoev's ghost (amateur DsMo)
   428 | D:3      | Reached skill level 1 in Armour
   447 | D:3      | Gained mutation: You are mostly covered in molten scales (AC +3, EV -1). [demonic ancestry]
   447 | D:3      | Reached XP level 3. HP: 26/29 MP: 3/3
   535 | D:3      | Noticed a sky beast
   611 | D:3      | Killed a sky beast
   611 | D:3      | Reached skill level 5 in Unarmed Combat
   611 | D:3      | Gained mutation: You have a pair of small horns on your head. [demonic ancestry]
   611 | D:3      | Reached XP level 4. HP: 7/35 MP: 4/4
   613 | D:3      | Quit the game

Dungeon Overview and Level Annotations

Branches:
Dungeon (4/15)
 Temple: D:4-7

Altars:
Xom

Annotations:
D:4 ololoev's ghost, amateur DsMo


Message History

Evoke which item? (* to show all) (? for menu, Esc to quit)
Zapping:
f - a wand of random effects {zapped: 12} (will waste charges)
Press: ? - help, Shift-Dir - straight line, f/p - sky beast
Aim: a sky beast (severely wounded)
The sky beast resists with some effort.
Evoking this partially-identified wand wasted a few charges.
The sky beast disappears!
The sky beast flickers out of sight!
Deactivating autopickup; reactivate with Ctrl-A.
What do you say? t - Shout!
Orders for allies: a - Attack new target. r - Retreat! s - Stop attacking. w - Wait here. f - Follow me.
Anything else - Stay silent.
Okay, then.
A sky beast appears from thin air!
Reactivating autopickup.
You see here a scroll labeled TEGUUC DOEROS.
Evoke which item? (* to show all) (? for menu, Esc to quit)
Zapping:
f - a wand of random effects {zapped: 15} (will waste charges)
Press: ? - help, Shift-Dir - straight line, f/p - sky beast
Aim: a sky beast (severely wounded)
The puff of flame hits the sky beast.
The sky beast is severely wounded.
Evoking this partially-identified wand wasted a few charges.
Evoke which item? (* to show all) (? for menu, Esc to quit)
Zapping:
f - a wand of random effects {zapped: 17} (will waste charges)
Press: ? - help, Shift-Dir - straight line, f/p - sky beast
Aim: a sky beast (severely wounded)
The bolt of fire hits the sky beast.
You kill the sky beast!
Your Armour skill increases to level 2!
Your Unarmed Combat skill increases to level 5!
You have reached level 4!
You feel agile.
Your demonic ancestry asserts itself...
A pair of horns grows on your head!
Evoking this partially-identified wand wasted a few charges.
g - 2 scrolls labeled TEGUUC DOEROS (gained 1) Are you sure you want to abandon this character and quit the game? (Confirm with "yes".)

There were no monsters in sight!

Vanquished Creatures
  A sky beast (D:3)
  3 adders (D:3)
  A worm (D:2)
  2 giant geckos
  2 bats (D:1)
  A hobgoblin (D:3)
  A giant newt (D:2)
  2 rats (D:3)
13 creatures vanquished.

Action                   |  1- 3 |  4- 6 || total
-------------------------+-------+-------++-------
Melee: Unarmed           |    69 |       ||    69
Evoke: Wand              |     7 |     1 ||     8
  Use: Potion            |     1 |       ||     1

Vault maps used:
D:1:      roderic_octagonal_star, corner_web_ring, nrook_uturn,
          minmay_misc_feat_columns, hangedman_feature_mirror,
          nrook_loot_triangle, hangedman_decor_clover_reticule
D:2:      grunt_temple_overflow_order_and_chaos_2, xom_butterflies,
          lemuel_coloured_pillars_altar, first_bread
D:3:      minmay_strange_pillars, lemuel_tele_altar, uniq_natasha
D:4:      lemuel_crystal_altar, nicolae_qazlal_style_of_elements, temple_hall
